FIQ, neutral male scurrid Tourist --- .r. .O. O FIQ the Rambler Experience level: 1 Strength: 11 Dexterity: 10 Constitution: 14 Intelligence: 16 Wisdom: 9 Charisma: 15 Health: 0(9) Energy: 2(2) Def: 0 Gold: 201 Moves: 47 Dungeon seed: RU9Yd4DpeOtKVTfG Game ID: FIQ_1498597871 Your Inventory: Coins $ - 201 gold pieces Weapons a - 38 uncursed +2 darts (in quiver) Armor e - an uncursed +0 Hawaiian shirt (being worn) Comestibles b - an uncursed apple c - an uncursed egg d - 5 uncursed chestnuts f - 3 uncursed tripe rations g - 3 uncursed food rations h - an uncursed clove of garlic Scrolls j - a blessed scroll of magic mapping k - 3 uncursed scrolls of magic mapping Potions i - 2 uncursed potions of extra healing Wands n - an uncursed wand of secret door detection (0:14) Tools l - an uncursed expensive camera (0:82) m - an uncursed credit card o - an uncursed tin opener Spells and supernatural/magical abilities: Name Level Category Fail Memory W - pray for help -- divine ? -- Your skills at the end: Miscellaneous Skills wands [Basic] Weapon Skills dart [Basic] Spellcasting Skills Final Attributes: You were devoutly aligned. You had infravision. You were very stealthy. You are dead. Voluntary challenges: You went without food. You did not adorn yourself with jewelry or accessories. You did not cause conflict. You were not invisible. You did not have reflection. You were not displaced. You were an atheist. You never hit with a wielded weapon. You were a pacifist. You did not use tools. You did not use plumbed fixtures. You did not drink any magical draughts. You were illiterate. You never genocided any monsters. You never polymorphed an object. You never changed form. You used no wishes. You never split a pudding. You never wrote Elbereth's name. You never violated your personal moral code. Dungeon overview: The Dungeons of Doom: levels 1 to 16 Level 1 a sink a long staircase Level 2 Level 3 Level 4 Level 5 Level 6 Level 7 Level 8 Level 9 Level 10 Level 11 a fountain Level 12 Level 13 Level 14 some fountains Level 15 an altar to Offler Level 16 <- You were here History has recorded: On T:1 you entered the Dungeons of Doom to retrieve the Amulet of Yendor! On T:15 you reached level 2 of The Dungeons of Doom. On T:17 you reached level 3 of The Dungeons of Doom. On T:19 you reached level 4 of The Dungeons of Doom. On T:22 you reached level 5 of The Dungeons of Doom. On T:26 you reached level 7 of The Dungeons of Doom. On T:28 you reached level 8 of The Dungeons of Doom. On T:31 you reached level 9 of The Dungeons of Doom. On T:33 you reached level 10 of The Dungeons of Doom. On T:35 you reached level 11 of The Dungeons of Doom. On T:37 you reached level 12 of The Dungeons of Doom. On T:40 you reached level 13 of The Dungeons of Doom. On T:42 you reached level 14 of The Dungeons of Doom. On T:44 you reached level 15 of The Dungeons of Doom. On T:46 you reached level 16 of The Dungeons of Doom. On T:46 you entered the Rogue tribute level. Score breakdown: Gold: 0 ( 0 points) Experience: 1 level ( 0 points) Exploration: 16 levels ( 450 points) Discoveries: 0 items ( 0 points) Variety of kills: 0 monsters ( 0 points) Major goal: (nothing yet) ( 0 points) Survival: died (score multiplied by 3) Total score: 1350 Latest messages: You dig a pit in the floor. You continue digging downward. You dig a hole through the floor. You fall through... The Grey-elf wields a runed bow! The vampire bat bites the killer bee. The vampire bat misses the killer bee. You start digging downward. The Mordor orc picks up a food ration. The Grey-elf wields a runed bow! The vampire bat misses the killer bee. The vampire bat bites the killer bee. You continue digging downward. You dig a pit in the floor. You continue digging downward. You dig a hole through the floor. You fall through... You start digging downward. You continue digging downward. You dig a pit in the floor. You continue digging downward. You dig a hole through the floor. You fall through... You enter what seems to be an older, more primitive world. You start digging downward. The ogre punches you! You die... Final status: Aloha FIQ the Tourist, killed by an ogre... You died in The Dungeons of Doom on dungeon level 16 with 1350 points, and 201 pieces of gold, after 47 moves. You were level 1 with a maximum of 9 hit points when you died.